 Dungeon Crawl Stone Soup version 0.28-a0-1159-g27aa881441 (webtiles) character file.

Game seed: 5191730036843088807

9104 ducksouse the Carver (level 11, -6/95 HPs)
             Began as a Minotaur Fighter on Dec 15, 2021.
             Was a High Priest of Okawaru.
             Mangled by a deep troll (18 damage)
             ... on level 9 of the Dungeon.
             The game lasted 00:25:47 (8050 turns).

ducksouse the Carver (Minotaur Fighter)             Turns: 8050, Time: 00:25:47

Health: -6/95      AC: 13    Str: 21    XL:     11   Next: 18%
Magic:  4/11       EV: 11    Int:  5    God:    Okawaru [*****.]
Gold:   511        SH:  8    Dex: 26    Spells: 10/10 levels left

rFire   . . .      SeeInvis .   M - +6 long sword
rCold   . . .      Faith    .   c - +0 buckler
rNeg    . . .      Spirit   .   k - +0 chain mail
rPois   .          Reflect  .   f - +2 hat
rElec   .          Harm     .   (no cloak)
rCorr   .          Rampage  .   (no gloves)
Will    .....                   (no boots)
Stlth   ..........              q - amulet of regeneration
HPRegen 1.05/turn               p - +6 ring of dexterity
MPRegen 0.12/turn               F - +6 ring of dexterity

@: about to teleport, hasted, very quick
A: horns 2, retaliatory headbutt
a: Renounce Religion, Heroism, Finesse, Duel


You were on level 9 of the Dungeon.
You worshipped Okawaru.
Okawaru was extremely pleased with you.
You visited 1 branch of the dungeon, and saw 9 of its levels.
You also visited: Ossuary.

You collected 511 gold pieces.

Inventory:

Hand Weapons
 a - a +0 long sword
 y - a +2 flail of protection
 L - a +1 great sword
 M - a +6 long sword (weapon)
 P - a +1 scimitar of flaming
Missiles
 e - 6 boomerangs (quivered)
 Q - a curare-tipped dart
Armour
 c - a +0 buckler (worn)
 f - a +2 hat (worn)
 k - a +0 chain mail (worn)
 T - a +2 cloak
 U - a +1 pair of boots
Jewellery
 b - a ring of protection from cold
 n - an amulet of guardian spirit
 p - a +6 ring of dexterity (left hand)
 q - an amulet of regeneration (around neck)
 F - a +6 ring of dexterity (right hand)
 I - a ring of resist corrosion
 S - a ring of willpower
Wands
 i - a wand of acid (8)
 u - a wand of iceblast (7)
 O - a wand of digging (3)
Scrolls
 h - a scroll of enchant armour
 j - a scroll of magic mapping
 o - a scroll of brand weapon {unknown}
 s - a scroll of blinking {unknown}
 t - 3 scrolls of teleportation
 v - 4 scrolls of noise
 x - a scroll of immolation {unknown}
 G - a scroll of amnesia {unknown}
 H - a scroll of summoning {unknown}
 J - a scroll of fear {unknown}
 N - a scroll of torment {unknown}
Potions
 d - a potion of might
 g - a potion of cancellation {unknown}
 l - 2 potions of attraction
 m - 4 potions of degeneration
 r - a potion of berserk rage {unknown}
 w - a potion of heal wounds
 z - a potion of invisibility {unknown}
 A - a potion of haste
 B - 4 potions of flight
 C - 2 potions of mutation
 D - a potion of resistance {unknown}
 E - 2 potions of curing {unknown}
 K - 2 potions of lignification {unknown}
 R - a potion of ambrosia {unknown}


   Skills:
 + Level 8.9 Fighting
 + Level 11.6 Long Blades
 + Level 7.8 Maces & Flails
 + Level 10.1 Armour
 + Level 4.4 Dodging
 + Level 1.0 Stealth
 + Level 8.7 Shields
 + Level 1.5 Invocations


You had 10 spell levels left.
You didn't know any spells.
Your spell library contained the following spells:

 Spells                   Type           Power      Damage    Failure   Level
 Beastly Appendage        Tmut           0%         N/A       98%         1
 Pain                     Necr           0%         1d4       98%         1
 Sandblast                Erth           0%         2d4       98%         1
 Passwall                 Tmut/Erth      0%         N/A       99%         2
 Wereblood                Tmut           0%         N/A       99%         2
 Gell's Gravitas          Tloc           0%         N/A       100%        3
 Lesser Beckoning         Tloc           0%         N/A       100%        3
 Portal Projectile        Hex/Tloc       0%         N/A       100%        3
 Spider Form              Tmut/Pois      0%         N/A       100%        3
 Stone Arrow              Conj/Erth      0%         3d7       100%        3
 Teleport Other           Tloc           0%         N/A       100%        3
 Vampiric Draining        Necr           0%         2d6       100%        3
 Leda's Liquefaction      Hex/Erth       0%         N/A       100%        4
 Animate Skeleton         Necr           Unusable   N/A       N/A         1
 Call Canine Familiar     Summ           Unusable   N/A       N/A         3

Dungeon Overview and Level Annotations

Branches:
Dungeon (9/15)             Temple (0/1) D:4            Lair (0/6) D:8
    Orc (0/2) D:9         Ossuary (visited)

Altars:
Cheibriados
Elyvilon
Gozag
Hepliaklqana
Okawaru
Ru
Trog
Uskayaw
Vehumet

Annotations:
D:9 1 transporter, Atlas's ghost, novice FeTm


Innate Abilities, Weirdness & Mutations

You have a pair of horns on your head.
You reflexively headbutt those who attack you in melee.


Message History

There is a transporter landing site here.
You can't go down here!
You can't go up here!
The moth of wrath's fur bristles in rage as it notices you.
There is a transporter here.
You enter the transporter and appear at another place.
Atlas's ghost whispers, "There is no future for you."
Atlas's ghost barely misses you.
The two-headed ogre barely misses you. x2
The troll barely misses you. The troll misses you.
The troll closely misses you.
The orc warrior hits you with a +1 antimagic quarterstaff!
You feel your power leaking away.
You block the deep troll's attack. x2; The deep troll claws you!
The moth of wrath goads the deep troll on!
The deep troll goes berserk!
You don't have enough magic at the moment.
You feel much better. The deep troll bites you.
The deep troll claws you but does no damage.
You block the deep troll's attack. Atlas's ghost closely misses you.
The troll bites you. The troll claws you but does no damage.
You block the troll's attack. The orc warrior barely misses you.
The two-headed ogre hits you with a +0 giant club!
The two-headed ogre barely misses you.
You feel yourself speed up. The deep troll closely misses you.
The deep troll claws you! The deep troll barely misses you.
Atlas's ghost closely misses you. You block the troll's attack. x3
The orc warrior closely misses you. The deep troll bites you!!
The deep troll closely misses you. x2
Okay, then.
As you read the scroll of teleportation, it crumbles to dust.
You feel strangely unstable.
The two-headed ogre hits you with a +0 giant club!!
The two-headed ogre completely misses you.
The moth of wrath goads the troll on!
The troll goes berserk!
Atlas's ghost hits you.
* * * LOW HITPOINT WARNING * * *
You feel much better. The deep troll bites you!!
* * * LOW HITPOINT WARNING * * *
The deep troll claws you!!
You die...

#............# #.# #
###............# #.#
.................# #.#
########.####'######'#### #.#
.....................# #.#
######.#.####+.....############.#
.......#..).....©...............#
######.#......#####....##########
..#u#....###T@W###...........# ##
#.#.#...##.[oOT####..#######.# .#
#.#.#...#...yT##..#....# #.#
.###.#.#..##....#≈#..##..######.#
†......#..#.......##..#.........#
#.>..###..#©.##[_.....#..########
.....# #..#.##≈$[!##..#..# #.†#.#
#..##.##..#≈#.##..#
#†.#+###...###...#####...#


You could see a two-headed ogre, a deep troll (berserk), a moth of wrath, 2
trolls, an orc warrior and Atlas's ghost.

Vanquished Creatures
  Erica (D:8)
  3 death yaks (D:8)
  An ugly thing (D:9)
  Maggie (D:8)
  A troll (D:9)
  2 hornets
  Grinder (D:5)
  4 yaks (D:8)
  A wraith (Ossuary)
  3 wargs (D:9)
  2 water moccasins
  2 ice beasts
  A black bear (D:8)
  2 orc warriors
  A sky beast (D:6)
  A hornet zombie (D:7)
  3 necrophages
  3 centaurs
  3 ogres
  A phantom (D:6)
  4 kobold brigands
  4 bullfrogs
  A gnoll sergeant (D:9)
  An elf zombie (Ossuary)
  3 scorpions
  A wyvern skeleton (D:7)
  6 killer bees
  13 wights
  A centaur zombie (D:8)
  5 hounds
  A human zombie (Ossuary)
  4 jellies
  4 orc priests
  4 iguanas
  Natasha (thrice) (D:3)
  4 orc wizards
  Ijyb (D:4)
  A hound zombie (D:3)
  3 mummies (Ossuary)
  Robin (D:2)
  2 howler monkey zombies
  3 gnolls (D:9)
  4 adders
  An ufetubus (D:5)
  6 dart slugs
  29 orcs
  7 ball pythons
  3 endoplasms
  A giant cockroach (D:1)
  A gnoll zombie (Ossuary)
  14 goblins
  9 hobgoblins
  3 jackals (D:1)
  27 kobolds
  5 quokkas
  10 bats
  5 frilled lizards
  2 goblin zombies (Ossuary)
  A hobgoblin zombie (Ossuary)
  4 kobold zombies (Ossuary)
  An orc zombie (Ossuary)
  3 rats
243 creatures vanquished.

Notes
Turn   | Place    | Note
-------+----------+-------------------------------------------
     0 | D:1      | ducksouse the Minotaur Fighter began the quest for the Orb.
     0 | D:1      | Reached XP level 1. HP: 19/19 MP: 0/0
    58 | D:1      | Reached XP level 2. HP: 27/27 MP: 1/1
   359 | D:1      | Reached XP level 3. HP: 33/33 MP: 2/2
   530 | D:1      | Reached skill level 3 in Long Blades
   839 | D:1      | Found a faded altar of an unknown god.
  1176 | D:2      | Reached XP level 4. HP: 33/40 MP: 3/3
  1470 | D:2      | Noticed Robin
  1484 | D:2      | Reached skill level 1 in Dodging
  1487 | D:2      | Killed Robin
  2005 | D:3      | Noticed Natasha
  2007 | D:3      | Killed Natasha
  2008 | D:3      | Reached skill level 4 in Long Blades
  2008 | D:3      | Reached XP level 5. HP: 40/47 MP: 4/4
  2172 | D:3      | Noticed Natasha
  2180 | D:3      | Killed Natasha
  2253 | D:3      | Found a faded altar of an unknown god.
  2259 | D:3      | Found a snail-covered altar of Cheibriados.
  2411 | D:3      | Noticed Natasha
  2419 | D:3      | Killed Natasha
  2661 | D:4      | Found an iron altar of Okawaru.
  2670 | D:4      | Became a worshipper of Warmaster Okawaru
  2720 | D:4      | Reached skill level 5 in Long Blades
  2720 | D:4      | Reached XP level 6. HP: 47/55 MP: 3/5
  2889 | D:4      | Found a staircase to the Ecumenical Temple.
  2895 | D:4      | Reached skill level 5 in Fighting
  2895 | D:4      | Reached skill level 5 in Armour
  2895 | D:4      | Reached skill level 5 in Shields
  3030 | D:4      | Noticed Ijyb
  3043 | D:4      | Killed Ijyb
  3060 | D:4      | Reached * piety under Okawaru
  3061 | D:4      | Reached skill level 6 in Long Blades
  3061 | D:4      | Reached XP level 7. HP: 47/61 MP: 4/6
  3139 | D:4      | Found a radiant altar of Vehumet.
  3146 | D:4      | Found a hazy altar of Hepliaklqana.
  3149 | D:4      | Found an opulent altar of Gozag.
  3150 | D:4      | Found a hide-covered altar of Uskayaw.
  3964 | D:5      | Entered Level 5 of the Dungeon
  4096 | D:5      | Found a sand-covered staircase.
  4107 | Ossuary  | Entered an ossuary
  4107 | Ossuary  | Noticed a wraith
  4107 | Ossuary  | Noticed a wraith
  4107 | Ossuary  | Noticed a wraith
  4455 | Ossuary  | Noticed a wraith
  4471 | Ossuary  | Killed a wraith
  4472 | Ossuary  | Reached skill level 7 in Long Blades
  4741 | D:5      | Reached XP level 8. HP: 66/70 MP: 7/7
  4761 | D:5      | Noticed Grinder
  4795 | D:5      | Killed Grinder
  4795 | D:5      | Reached ** piety under Okawaru
  4796 | D:5      | Reached skill level 8 in Long Blades
  4796 | D:5      | Reached skill level 1 in Maces & Flails
  4893 | D:5      | Noticed a hornet
  4897 | D:5      | Paralysed by a hornet for 1 turns
  4898 | D:5      | Killed a hornet
  5235 | D:6      | Reached XP level 9. HP: 55/75 MP: 8/8
  5418 | D:6      | Reached *** piety under Okawaru
  5639 | D:6      | Reached skill level 5 in Maces & Flails
  5953 | D:7      | Found a sacrificial altar of Ru.
  6220 | D:7      | Reached skill level 9 in Long Blades
  6590 | D:8      | Noticed a death yak
  6593 | D:8      | Noticed a death yak
  6594 | D:8      | Noticed a death yak
  6595 | D:8      | Reached XP level 10. HP: 81/85 MP: 9/9
  6622 | D:8      | Killed a death yak
  6622 | D:8      | Reached **** piety under Okawaru
  6637 | D:8      | Killed a death yak
  6638 | D:8      | Reached skill level 10 in Long Blades
  6638 | D:8      | Reached skill level 1 in Invocations
  6648 | D:8      | Killed a death yak
  6746 | D:8      | Found a staircase to the Lair.
  6852 | D:8      | Noticed Maggie
  6887 | D:8      | Killed Maggie
  6888 | D:8      | Reached skill level 11 in Long Blades
  7038 | D:8      | Reached ***** piety under Okawaru
  7042 | D:8      | Noticed Erica
  7056 | D:8      | Killed Erica
  7087 | D:8      | Found a white marble altar of Elyvilon.
  7157 | D:8      | Reached skill level 1 in Stealth
  7531 | D:8      | Reached XP level 11. HP: 94/95 MP: 11/11
  7567 | D:9      | Found a staircase to the Orcish Mines.
  7624 | D:9      | Noticed a red ugly thing
  7647 | D:9      | Killed a red ugly thing
  7648 | D:9      | Reached skill level 10 in Armour
  7776 | D:9      | Found a transporter.
  7780 | D:9      | Found a bloodstained altar of Trog.
  7780 | D:9      | Noticed a two-headed ogre
  7780 | D:9      | Noticed Atlas's ghost (novice FeTm)
  7781 | D:9      | Noticed a deep troll
  7806 | D:9      | Found a transporter.
  8050 | D:9      | Mangled by a deep troll

Illustrated notes

Levels and vault maps discovered:
D:1:      erik_arrival_cave_to_civilisation [erik_arrival_cave_to_hall],
          layout_basic, shapermc_ecumenical_altar_hornbeckon, minmay_nonomino_d4
D:2:      layout_rooms, kennysheep_generic_room_15, uniq_robin
D:3:      layout_loops_ring, nicolae_overflow_ecumenical_swirl, uniq_natasha
D:4:      layout_basic, minitemple, mainiacjoe_overflow_catwalk,
          minmay_temple_entry_tees, uniq_ijyb
D:5:      layout_basic, enter_ossuary_1, serial_bayou_pond_d,
          minmay_misc_feat_more_columns, uniq_grinder
D:6:      layout_basic, minivault_19, minmay_crystal_water
D:7:      layout_rooms, mainiacjoe_overflow_six_doors_small, serial_undead,
          serial_undead_a, serial_undead_d, serial_undead_c, serial_undead_b
D:8:      layout_loops_ring, mainiacjoe_overflow_paths, dpeg_lair_monsters,
          uniq_erica, uniq_maggie
D:9:      layout_basic, minmay_orc_entry_guard_dogs,
          gammafunk_ghost_wrathful_warriors

Skill      XL: |  1  2  3  4  5  6  7  8  9 10 11 |
---------------+----------------------------------+-----
Fighting       | 4 5 6 7 8 |  8.9
Shields        | 4 5 6 7 8 |  8.7
Armour         | 4 5 6 8 9 10 | 10.1
Long Blades    | 3 4 5 6 7 8 9 11 | 11.6
Dodging        | 1 2 3 4 |  4.4
Maces & Flails | 3 7 |  7.8
Invocations    | 1 |  1.5
Stealth        | 1 |  1.0

Action                   |  1- 3 |  4- 6 |  7- 9 | 10-12 || total
-------------------------+-------+-------+-------+-------++-------
Melee: Long sword        |    97 |   119 |   154 |   178 ||   548
       Headbutt          |    14 |    27 |    76 |    57 ||   174
       Flail             |       |       |   169 |       ||   169
Invok: Heroism           |       |       |     6 |     3 ||     9
       Finesse           |       |       |       |     1 ||     1
  Use: Scroll            |       |     1 |     3 |    15 ||    19
       Potion            |       |       |       |     4 ||     4
Armor: Scale mail        |    49 |       |       |       ||    49
       Chain mail        |     6 |    70 |   139 |    67 ||   282
Dodge: Dodged            |    38 |    47 |   124 |    68 ||   277
Block: Buckler           |    25 |    31 |    81 |    88 ||   225

Table legend: (Time is in decaauts)
 A = Elapsed time spent in this place.
 B = Non-inter-level travel time spent in this place.
 C = Inter-level travel time spent in this place.
 D = Time resting spent in this place.
 E = Time spent auto-exploring this place.
 F = Levels seen in this place.
 G = Mean time per level.
                   A        B        C        D        E       F      G
               +--------+--------+--------+--------+--------+-----+--------+
         Total |   8119 |   7689 |    430 |    447 |   4964 |  10 |  811.9 |
       Dungeon |   7616 |   7186 |    430 |    447 |   4916 |   9 |  846.2 |
       Ossuary |    503 |    503 |      0 |      0 |     48 |   1 |  503.0 |
               +--------+--------+--------+--------+--------+-----+--------+

Top non-repeatable levels by time:
     D:4: 1314 daAuts
     D:1: 1070 daAuts
     D:8: 973 daAuts
     D:2: 900 daAuts
     D:6: 874 daAuts
     D:3: 749 daAuts
     D:5: 629 daAuts
     D:7: 593 daAuts
     D:9: 512 daAuts
 Ossuary: 503 daAuts
